 Dungeon Crawl Stone Soup version 0.29.1-15-g9cfb28693d (webtiles) character file.

Game seed: 5708408853966884103

3133 Peloso the Carver (level 9, -12/79 HPs)
             Began as a Minotaur Fighter on Apr 15, 2023.
             Was a Follower of Okawaru.
             Killed from afar by a steam dragon (23 damage)
             ... with a ball of steam
             ... on level 8 of the Dungeon.
             The game lasted 00:14:54 (9435 turns).

Peloso the Carver (Minotaur Fighter)                Turns: 9435, Time: 00:14:55

Health: -12/79     AC: 12    Str: 24    XL:     9   Next: 61%
Magic:  8/8        EV:  6    Int:  5    God:    Okawaru [*.....]
Gold:   216        SH: 15    Dex: 14    Spells: 8/8 levels left

rFire   . . .      SeeInvis .   b - +7 rapier "Xoriubox" {flame, Will- Dex+3}
rCold   . . .      Faith    .   d - +0 tower shield
rNeg    . . .      Spirit   .   y - +0 chain mail
rPois   .          Reflect  .   (helmet restricted)
rElec   .          Harm     .   f - +0 cloak
rCorr   +          Rampage  .   (no gloves)
Will    .....                   (no boots)
Stlth   ..........              (no amulet)
HPRegen 0.23/turn               e - ring of resist corrosion
MPRegen 0.11/turn               t - ring of willpower

@: no status effects
A: horns 2, retaliatory headbutt
a: Renounce Religion, Heroism


You were on level 8 of the Dungeon.
You worshipped Okawaru.
Okawaru was aware of your devotion.
You visited 1 branch of the dungeon, and saw 8 of its levels.

You collected 342 gold pieces.
You spent 126 gold pieces at shops.

Inventory:

Hand Weapons
 a - a +0 double sword
 b - the +7 rapier "Xoriubox" (weapon) {flame, Will- Dex+3}
   (You found it on level 5 of the Dungeon)

   It burns those it strikes, dealing additional fire damage.
   Dex:       It affects your dexterity (+3).
   Will:      It decreases your willpower.
 c - a +1 long sword of draining
Missiles
 B - a throwing net (quivered)
Armour
 d - a +0 tower shield (worn)
 f - a +0 cloak (worn)
 g - a +0 cloak
 y - a +0 chain mail (worn)
Jewellery
 e - a ring of resist corrosion (left hand)
 t - a ring of willpower (right hand)
 x - a ring of positive energy
Wands
 z - a wand of digging (8)
 C - a wand of roots (5)
Scrolls
 h - a scroll of enchant armour
 l - a scroll of acquirement
 m - a scroll of poison
 n - 3 scrolls of fear
 p - 2 scrolls of teleportation
 r - 2 scrolls of magic mapping
 s - 4 scrolls of blinking
 u - 3 scrolls of noise
 D - a scroll of identify
Potions
 i - a potion of resistance
 j - 5 potions of flight
 k - 4 potions of curing
 o - a potion of lignification {unknown}
 q - 3 potions of might
 v - a potion of cancellation
 w - 3 potions of heal wounds
 A - a potion of invisibility


   Skills:
 + Level 7.1 Fighting
 + Level 2.6(6.0) Short Blades
 + Level 9.4(9.6) Long Blades
 + Level 0.1 Throwing
 + Level 8.6 Armour
 + Level 2.5 Dodging
 + Level 0.7 Stealth
 + Level 8.5 Shields
 + Level 0.1 Invocations


You had 8 spell levels left.
You didn't know any spells.
Your spell library contained the following spells:

 Spells                   Type           Power      Damage    Failure   Level
 Apportation              Tloc           0%         N/A       100%        1
 Necrotise                Necr           0%         1d4       100%        1
 Sandblast                Erth           0%         2d4       100%        1
 Passwall                 Tmut/Erth      0%         N/A       100%        2
 Stone Arrow              Conj/Erth      0%         3d7       100%        3
 Summon Small Mammal      Summ           Unusable   N/A       N/A         1

Dungeon Overview and Level Annotations

Branches:
Dungeon (8/15)             Temple (0/1) D:6
   Lair: D:8-11

Altars:
Fedhas
Okawaru
Qazlal
Wu Jian
Xom

Shops:
D:4 ?   D:7 (   D:8 ?


Innate Abilities, Weirdness & Mutations

You have a pair of horns on your head.
You reflexively headbutt those who attack you in melee.


Message History

The ball of steam hits you!!
You hear a bellow! x4; You hear a croak.
Your life force feels restored.
You closely miss the black bear. Your headbutt misses the black bear.
You are engulfed in a cloud of scalding steam.
You block the black bear's attack.
The black bear claws you but does no damage. x2
You hit the black bear. You burn the black bear.
The black bear is lightly wounded.
You are engulfed in a cloud of scalding steam.
The black bear bites you but does no damage.
The black bear claws you but does no damage. x2
The steam dragon bites you. You block the steam dragon's attack.
The black bear bites you.
The black bear claws you but does no damage. x2
The wight hits you but does no damage.
You puncture the steam dragon! You burn the steam dragon.
You headbutt the steam dragon.
The steam dragon is severely wounded.
You are engulfed in a cloud of scalding steam.
* * * LOW HITPOINT WARNING * * *
The steam dragon bites you but does no damage.
You block the steam dragon's attack.
The wight hits you from afar with a +0 trident.
* * * LOW HITPOINT WARNING * * *
You block the black bear's attack. x2
The black bear claws you but does no damage.
You closely miss the steam dragon.
The steam dragon is severely wounded.
You are engulfed in a cloud of scalding steam.
* * * LOW HITPOINT WARNING * * *
The steam dragon bites you but does no damage.
You block the steam dragon's attack. The wight barely misses you.
The black bear bites you but does no damage.
The black bear claws you but does no damage. x2
You barely miss the steam dragon.
The steam dragon is severely wounded.
The steam dragon breathes steam at you. The ball of steam hits you!!
You die...

..... #...#
.... #...#
#...# #...##
#....# +....#
####+##....#
.###..z.##....#
......h@......#
.....zD.......#
........#######
........#
.####...# #.!.#
..... #.....


You could see a steam dragon (catching breath), a black bear and 2 wights.

Vanquished Creatures
  A shadow (D:5)
  A wyvern (D:6)
  A water moccasin (D:7)
  An ice beast (D:7)
  A sky beast (D:8)
  2 black bears
  4 ogres
  A centaur (D:6)
  A kobold brigand (D:7)
  2 necrophages
  3 scorpions
  11 wights
  7 killer bees
  2 howler monkeys (D:8)
  3 hounds
  4 orc priests
  A jelly (D:5)
  Ijyb (D:3)
  3 iguanas
  6 orc wizards
  3 gnolls (D:6)
  2 adders
  A shadow imp (D:6)
  A white imp (D:6)
  An ufetubus (D:7)
  A worm (D:2)
  3 dart slugs
  17 orcs
  5 endoplasms
  3 giant cockroaches (D:4)
  4 goblins
  3 hobgoblins
  5 jackals (D:3)
  3 quokkas
  3 training dummies (D:7)
  5 ball pythons
  4 bats
  2 frilled lizards
  10 kobolds
  A rat (D:3)
133 creatures vanquished.

Vanquished Creatures (collateral kills)
  A kobold (D:4)
1 creature vanquished.

Grand Total: 134 creatures vanquished

Notes
Turn   | Place    | Note
-------+----------+-------------------------------------------
     0 | D:1      | Peloso the Minotaur Fighter began the quest for the Orb.
     0 | D:1      | Reached XP level 1. HP: 19/19 MP: 0/0
    56 | D:1      | Found a faded altar of an unknown god.
   526 | D:1      | Identified a scroll of acquirement
   558 | D:2      | Reached XP level 2. HP: 27/27 MP: 1/1
   733 | D:2      | Identified the +6 mace "Xust" {holy, Contam rC+ Str+2}
   891 | D:2      | Reached XP level 3. HP: 33/33 MP: 2/2
  1404 | D:3      | Noticed Ijyb
  1416 | D:3      | Paralysed by Ijyb for 4 turns
  1423 | D:3      | Paralysed by Ijyb for 2 turns
  1426 | D:3      | Paralysed by Ijyb for 5 turns
  1432 | D:3      | Killed Ijyb
  1433 | D:3      | Reached skill level 3 in Long Blades
  1741 | D:3      | Reached XP level 4. HP: 41/41 MP: 3/3
  2326 | D:4      | Reached skill level 4 in Long Blades
  2601 | D:4      | Found a shimmering altar of Xom.
  2716 | D:4      | Reached XP level 5. HP: 8/47 MP: 4/4
  2990 | D:4      | Reached skill level 1 in Dodging
  3000 | D:4      | Found Eceu's Magic Scroll Boutique.
  3020 | D:4      | Bought a scroll of magic mapping for 90 gold pieces
  3020 | D:4      | Bought a scroll of identify for 24 gold pieces
  3020 | D:4      | Bought a scroll of noise for 12 gold pieces
  3055 | D:4      | Reached skill level 5 in Armour
  3097 | D:4      | Reached skill level 5 in Long Blades
  3097 | D:4      | Reached XP level 6. HP: 11/53 MP: 5/5
  3703 | D:4      | Reached skill level 5 in Shields
  3885 | D:5      | Entered Level 5 of the Dungeon
  4076 | D:5      | Reached skill level 5 in Fighting
  4076 | D:5      | Reached skill level 6 in Long Blades
  4076 | D:5      | Reached XP level 7. HP: 40/61 MP: 6/6
  4367 | D:5      | Noticed a shadow
  4388 | D:5      | Killed a shadow
  4896 | D:5      | Identified the +7 rapier "Xoriubox" {flame, Will- Dex+3}
  5037 | D:5      | Reached skill level 7 in Long Blades
  5387 | D:5      | Reached XP level 8. HP: 48/69 MP: 7/7
  6313 | D:6      | Reached skill level 8 in Long Blades
  6881 | D:6      | Found an iron altar of Okawaru.
  6897 | D:6      | Found a staircase to the Ecumenical Temple.
  6906 | D:6      | Became a worshipper of Warmaster Okawaru
  7834 | D:7      | Reached XP level 9. HP: 42/78 MP: 8/8
  8154 | D:7      | Reached * piety under Okawaru
  8214 | D:7      | Reached skill level 9 in Long Blades
  8295 | D:7      | Found a blossoming altar of Fedhas.
  8295 | D:7      | Found a stormy altar of Qazlal.
  8317 | D:7      | Identified the +2 cloak of Disaster {Int+6 Dex-5}
  8503 | D:7      | Found Jivviekk's Firing Range.
  8559 | D:7      | Reached skill level 1 in Short Blades
  9177 | D:8      | Found Qempom's Magic Scroll Shoppe.
  9273 | D:8      | Found an ornate altar of the Wu Jian Council.
  9435 | D:8      | Killed from afar by a steam dragon

Illustrated notes

Levels and vault maps discovered:
D:1:      kennysheep_arrival_forest, layout_rooms, basic_ecumenical_altar,
          kennysheep_another_room
D:2:      layout_rooms
D:3:      layout_basic, uniq_ijyb
D:4:      layout_basic, mainiacjoe_overflow_24_doors, serial_shops,
          nicolae_shop_temple_entry_statues_fountains, minmay_fountain_box
D:5:      layout_basic
D:6:      layout_basic, old_standard_altar, minmay_temple_entry_tees,
          serial_shops, nicolae_shop_advertising_works
          [nicolae_subvault_shop_adworks]
D:7:      layout_basic, grunt_temple_overflow_forces_of_nature,
          nicolae_shop_firing_range
D:8:      layout_gridville, mainiacjoe_overflow_concentric_impassable,
          kennysheep_mini_moat, serial_shops, shop

Skill      XL: |  1  2  3  4  5  6  7  8  9 |
---------------+----------------------------+-----
Fighting       | 4 5 6 7 |  7.1
Armour         | 4 5 6 7 8 |  8.6
Long Blades    | 3 4 5 6 7 8 9 |  9.4
Shields        | 4 5 7 8 |  8.5
Dodging        | 1 2 |  2.5
Short Blades   | 2 |  2.6
Throwing       | |  0.1
Stealth        | |  0.7
Invocations    | |  0.1

Action                   |  1- 3 |  4- 6 |  7- 9 || total
-------------------------+-------+-------+-------++-------
Melee: Long sword        |    80 |    55 |       ||   135
       Headbutt          |    10 |    10 |    51 ||    71
       Double sword      |       |    77 |   202 ||   279
       Rapier            |       |       |    67 ||    67
Throw: Throwing net      |       |     1 |       ||     1
Invok: Heroism           |       |       |     2 ||     2
  Use: Scroll            |     6 |     5 |     3 ||    14
       Potion            |     4 |     2 |     5 ||    11
Armor: Scale mail        |    42 |    80 |       ||   122
       Chain mail        |       |       |   155 ||   155
Dodge: Dodged            |    33 |    38 |    56 ||   127
Block: Buckler           |    12 |       |       ||    12
       Tower shield      |    19 |   110 |   247 ||   376
